 Dungeon Crawl Stone Soup version 0.25.0-9-g26727b657a (webtiles) character file.

Game seed: 8906704094746462892

112 mopl the Chiller (level 4, -1/24 HPs)
             Began as a Tengu Ice Elementalist on June 16, 2020.
             Slain by Natasha (9 damage)
             ... on level 2 of the Dungeon.
             The game lasted 00:03:32 (2317 turns).

mopl the Chiller (Tengu Ice Elementalist)           Turns: 2317, Time: 00:03:33

Health: -1/24      AC:  2    Str:  9    XL:     4   Next: 93%
Magic:  7/10       EV: 12    Int: 16    God:
Gold:   59         SH:  0    Dex: 14    Spells: 6/10 levels left

rFire    + . .     SeeInvis .   g - +0 short sword
rCold    . . .     Gourm    .   (no shield)
rNeg     . . .     Faith    .   a - +0 robe
rPois    +         Spirit   .   (helmet restricted)
rElec    .         Reflect  .   (no cloak)
rCorr    .         Harm     .   (no gloves)
MR       .....                  (boots unavailable)
Stlth    ++........             (no amulet)
HPRegen  0.08/turn              b - ring of poison resistance
MPRegen  0.12/turn              n - ring of protection from fire

@: no status effects
A: beak, talons 3
a: no special abilities


You were on level 2 of the Dungeon.
You were not hungry.

You visited 1 branch of the dungeon, and saw 2 of its levels.

You collected 59 gold pieces.

Inventory:

Hand Weapons
 g - a +0 short sword (weapon)
Missiles
 j - 13 poisoned darts (quivered)
Armour
 a - a +0 robe (worn)
Jewellery
 b - a ring of poison resistance (left hand)
 n - a ring of protection from fire (right hand)
Scrolls
 d - a scroll of immolation {unknown}
 e - a scroll of teleportation {unknown}
 i - 2 scrolls of remove curse {unknown}
 q - 3 scrolls of identify {unknown}
 r - a scroll of blinking {unknown}
 s - a scroll of amnesia {unknown}
 u - a scroll of magic mapping {unknown}
Potions
 f - 2 potions of heal wounds {unknown}
 h - 2 potions of brilliance {unknown}
 k - a potion of cancellation {unknown}
 l - a potion of resistance {unknown}
 m - a potion of ambrosia {unknown}
 o - 2 potions of lignification {unknown}
 p - a potion of haste {unknown}
Comestibles
 c - 2 rations


   Skills:
 - Level 2.1 Dodging
 - Level 2.0 Stealth
 + Level 3.5 Spellcasting
 + Level 4.6 Ice Magic


You had 6 spell levels left.
You knew the following spells:

 Your Spells              Type           Power        Failure   Level  Hunger
a - Freeze                Ice            ###.         2%          1    None
b - Frozen Ramparts       Ice            ###...       8%          3    ###....

Your spell library contained the following spells:

 Spells                   Type           Power        Failure   Level  Hunger
 Ozocubu's Armour         Chrm/Ice       ##......     21%         3    ###....
 Hailstorm                Conj/Ice       ##......     56%         4    ####...
 Summon Ice Beast         Ice/Summ       ##......     56%         4    ####...


Dungeon Overview and Level Annotations

Branches:
Dungeon (2/15)

Altars:

Annotations:
D:2 Natasha


Innate Abilities, Weirdness & Mutations

You have a beak for a mouth.
You have claws for feet.


Message History

The crimson imp hits you. Natasha claws you!
Unknown command.
Casting: Freeze (safe; 2% risk of failure)
Confirm with . or Enter, or press ? or * to list all spells.
Aiming: Freeze (safe; 2% risk of failure)
Press: ? - help, Shift-Dir - straight line, f/p - Natasha
Aim: Natasha (lightly wounded)
You freeze Natasha.
Natasha is heavily wounded.
The crimson imp closely misses you. Natasha claws you.
Unknown command.
Casting: Freeze (safe; 2% risk of failure)
Confirm with . or Enter, or press ? or * to list all spells.
Aiming: Freeze (safe; 2% risk of failure)
Press: ? - help, Shift-Dir - straight line, f/p - Natasha
Aim: Natasha (heavily wounded)
You freeze Natasha.
Natasha is heavily wounded.
The crimson imp barely misses you. Natasha claws you!
You die...

######..................# #.#
#############.##.####...# #.#
#...................#...###.#
#.############.#.##.#...#...#
..# #.#.##.#...#.##### ###
#.#.##.#...#.....#
#....#.#...#####.#
############h.......# #.#
#.........#.@5####..# #.###
#####.........#.#.......#
#....
..............#.##.###.##
####. ..............#.##.#
#.# #. ....<....)....'..#.#
#.# #.
..............####.###.# #.
.........(....##....##.# #.
..........(...##.##.##.# #.
....######.......##..#.# #.


You could see Natasha and a crimson imp (summoned).

Vanquished Creatures
  Natasha (D:2)
  3 adders (D:2)
  2 oozes
  2 dart slugs (D:2)
  3 leopard geckos
  7 bats
  A giant cockroach (D:1)
  8 goblins
  6 hobgoblins
  5 kobolds
  2 quokkas (D:2)
  2 rats (D:1)
42 creatures vanquished.

Notes
Turn   | Place    | Note
-------+----------+-------------------------------------------
     0 | D:1      | mopl the Tengu Ice Elementalist began the quest for the
                  | Orb.
     0 | D:1      | Reached XP level 1. HP: 10/10 MP: 4/4
   298 | D:1      | Reached XP level 2. HP: 15/15 MP: 4/6
   698 | D:1      | Reached skill level 4 in Ice Magic
   779 | D:1      | Reached XP level 3. HP: 10/19 MP: 7/7
   921 | D:1      | Learned a level 3 spell: Frozen Ramparts
  1516 | D:2      | Reached XP level 4. HP: 17/24 MP: 4/9
  1880 | D:2      | Noticed Natasha
  2001 | D:2      | Killed Natasha
  2311 | D:2      | Noticed Natasha
  2317 | D:2      | Slain by Natasha

Illustrated notes

Levels and vault maps discovered:
D:1:      dpeg_arrival_round_b, layout_loops_ring, st_stairs_9
D:2:      layout_basic, uniq_natasha

Skill      XL: |  1  2  3 |
---------------+----------+-----
Ice Magic      | 4 |  4.6
Spellcasting   | 3 |  3.5
Dodging        | |  2.1
Stealth        | |  2.0

Action                   |  1- 3 |  4- 6 || total
-------------------------+-------+-------++-------
Melee: Peck              |     4 |     1 ||     5
       Unarmed           |     2 |       ||     2
       Short sword       |    30 |     6 ||    36
       Kick              |     6 |     1 ||     7
 Cast: Freeze            |    36 |    23 ||    59
       Frozen Ramparts   |     1 |       ||     1
 Stab: Sleeping          |     4 |     3 ||     7
       Distracted        |       |     1 ||     1
  Eat: Chunk             |     2 |     3 ||     5
Armor: Robe              |    11 |     1 ||    12
Dodge: Dodged            |    48 |    15 ||    63
